[ AOE2 MATCH · #484287101 ]
UnrankedKhmer vs Tatars
[ REPLAY ANALYSIS · EXTRACTED FROM THE RECORDED GAME ]
Feudal
12:07
Castle
25:56
Imperial
—
| APM avg | 9.5 |
| APM peak | 45 |
| eAPM avg | 5.8 |
| Villagers / military | 64 / 25 |
Focus
⚔️ 14.8% · 🌾 85.2%
Ballista Elephant ×20 · Archer ×5
Feudal
10:32
Castle
14:27
Imperial
29:09
| APM avg | 32.4 |
| APM peak | 78 |
| eAPM avg | 18.1 |
| Villagers / military | 151 / 0 |
Focus
⚔️ 35.5% · 🌾 64.5%
Trade Cart ×26
Feudal
10:34
Castle
14:29
Imperial
39:13
| APM avg | 41.1 |
| APM peak | 79 |
| eAPM avg | 21.6 |
| Villagers / military | 173 / 2 |
Focus
⚔️ 18.7% · 🌾 81.3%
Trade Cart ×27 · Monk ×2
Feudal
10:53
Castle
15:29
Imperial
33:48
| APM avg | 17.1 |
| APM peak | 70 |
| eAPM avg | 10.4 |
| Villagers / military | 137 / 124 |
Focus
⚔️ 20.0% · 🌾 80.0%
Eagle Scout ×120 · Monk ×4
Feudal
10:48
Castle
19:11
Imperial
—
| APM avg | 11.8 |
| APM peak | 37 |
| eAPM avg | 7.5 |
| Villagers / military | 91 / 0 |
Focus
⚔️ 2.3% · 🌾 97.7%
Feudal
—
Castle
—
Imperial
—
| APM avg | 1113.6 |
| APM peak | 3433 |
| eAPM avg | 1113.4 |
| Villagers / military | 0 / 166 |
Focus
⚔️ 57.4% · 🌾 42.6%
Urumi Swordsman ×117 · Hand Cannoneer ×34 · Trebuchet (Packed) ×7 · Scout Cavalry ×4 · Bombard Cannon ×4
Feudal
—
Castle
—
Imperial
—
| APM avg | 923.0 |
| APM peak | 2183 |
| eAPM avg | 922.8 |
| Villagers / military | 0 / 68 |
Focus
⚔️ 25.8% · 🌾 74.2%
Knight ×26 · Cavalry Archer ×15 · Tarkan ×14 · Scout Cavalry ×7 · Battering Ram ×2 · Trebuchet (Packed) ×2
Feudal
—
Castle
—
Imperial
—
| APM avg | 975.3 |
| APM peak | 2366 |
| eAPM avg | 974.8 |
| Villagers / military | 0 / 68 |
Focus
⚔️ 61.1% · 🌾 38.9%
Cavalry Archer ×46 · Keshik ×7 · Steppe Lancer ×7 · Scout Cavalry ×4 · Battering Ram ×2 · Monk ×1
Match map
Initial resources + every placement click. Lines = walls · curves = elevation contours. ◆ gold · ⬟ stone · ● berries · ✦ relic · ◌ wall gap
Your base· ✓ Closed at 25:56 · 62t walls · 2 gate(s)
超級無敵海綿體's base· ✓ Closed at 14:27 · 34t walls · 3 gate(s)
wxj9966's base· ✓ Closed at 14:29 · 89t walls · 3 gate(s)
priceless's base· ✓ Closed at 15:29 · 0t walls · 3 gate(s)
yi's base· ✓ Closed at 19:11 · 0t walls · 2 gate(s)
's base· ✓ Closed at 12:00 · 0t walls · 2 gate(s)
's base· ✓ Closed at 12:00 · 0t walls · 3 gate(s)
's base· ✓ Closed at 12:00 · 0t walls · 2 gate(s)
Smoothed initial terrain · ◌ = detected wall gap · hover for details
Inputs per minute
— 一枚小渣渣 - - 超級無敵海綿體
Build order — 一枚小渣渣
First 150 of 151 actions detected
| 0:08 | Create | Villager (Male) |
| 0:17 | Build | House |
| 0:50 | Create | Villager (Male) |
| 1:39 | Build | House |
| 1:43 | Create | Villager (Male) |
| 1:43 | Create | Villager (Male) |
| 1:44 | Create | Villager (Male) |
| 1:58 | Build | Lumber Camp |
| 2:43 | Create | Villager (Male) |
| 3:03 | Create | Villager (Male) |
| 3:13 | Build | Mill |
| 3:29 | Create | Villager (Male) |
| 3:59 | Create | Villager (Male) |
| 4:24 | Create | Villager (Male) |
| 4:52 | Create | Villager (Male) |
| 5:24 | Create | Villager (Male) |
| 5:55 | Create | Villager (Male) |
| 6:10 | Build | House |
| 6:37 | Build | House |
| 6:41 | Build | House |
| 7:13 | Create | Villager (Male) |
| 9:57 | Research | Feudal Age |
| 10:48 | Create | Villager (Male) |
| 10:48 | Create | Villager (Male) |
| 12:07 | Age | Feudal Age |
| 12:22 | Research | Double-Bit Axe |
| 12:24 | Research | Horse Collar |
| 12:41 | Build | Market |
| 12:50 | Research | Wheelbarrow |
| 13:07 | Build | Mining Camp |
| 13:19 | Create | Villager (Male) |
| 13:19 | Create | Villager (Male) |
| 13:19 | Create | Villager (Male) |
| 13:43 | Build | Blacksmith |
| 15:28 | Create | Villager (Male) |
| 15:38 | Build | House |
| 15:39 | Build | House |
| 15:50 | Create | Villager (Male) |
| 16:02 | Create | Villager (Male) |
| 16:31 | Build | Archery Range |
| 16:39 | Build | House |
| 16:53 | Build | Mining Camp |
| 16:58 | Create | Villager (Male) |
| 16:58 | Create | Villager (Male) |
| 17:06 | Research | Stone Mining |
| 17:13 | Build | House |
| 17:24 | Build | Farm |
| 17:26 | Build | Farm |
| 17:27 | Build | Farm |
| 17:29 | Build | Farm |
| 17:41 | Research | Gold Mining |
| 18:03 | Create | Villager (Male) |
| 18:11 | Build | House |
| 18:39 | Build | Farm |
| 18:44 | Research | Town Watch |
| 19:00 | Create | Villager (Male) |
| 19:50 | Build | Stone Wall |
| 19:58 | Create | Villager (Male) |
| 20:27 | Build | Farm |
| 20:29 | Create | Villager (Male) |
| 21:02 | Create | Archer ×5 |
| 21:12 | Build | Farm |
| 21:18 | Create | Villager (Male) |
| 22:02 | Build | Farm |
| 22:08 | Create | Villager (Male) |
| 22:43 | Create | Villager (Male) |
| 23:16 | Research | Castle Age |
| 24:13 | Build | Stone Wall |
| 24:46 | Build | Farm |
| 24:47 | Build | Farm |
| 25:01 | Build | Farm |
| 25:47 | Research | Fletching |
| 25:56 | Age | Castle Age |
| 26:01 | Research | Heavy Plow |
| 26:04 | Research | Bow Saw |
| 26:12 | Create | Villager (Male) |
| 26:12 | Create | Villager (Male) |
| 26:54 | Build | University |
| 27:05 | Research | Hand Cart |
| 27:16 | Build | Castle |
| 28:10 | Create | Villager (Male) |
| 28:10 | Create | Villager (Male) |
| 28:50 | Create | Villager (Male) |
| 28:50 | Create | Villager (Male) |
| 28:51 | Create | Villager (Male) |
| 28:57 | Research | Fortified Wall (upgrade) |
| 29:04 | Build | House |
| 29:39 | Build | Farm |
| 29:41 | Build | Farm |
| 29:46 | Research | Forging |
| 29:52 | Research | Masonry |
| 30:03 | Build | Farm |
| 30:14 | Build | House |
| 30:28 | Research | Tusk Swords |
| 30:31 | Create | Ballista Elephant ×2 |
| 30:56 | Build | Farm |
| 30:58 | Build | Farm |
| 31:36 | Research | Murder Holes |
| 31:44 | Build | Farm |
| 31:47 | Create | Villager (Male) |
| 31:47 | Create | Villager (Male) |
| 31:47 | Create | Villager (Male) |
| 31:54 | Build | House |
| 32:34 | Build | Stone Wall |
| 32:40 | Research | Gold Shaft Mining |
| 32:45 | Research | Ballistics |
| 32:55 | Research | Iron Casting |
| 33:14 | Build | Stone Wall |
| 33:23 | Build | Farm |
| 33:26 | Create | Villager (Male) |
| 33:26 | Create | Villager (Male) |
| 33:26 | Create | Villager (Male) |
| 33:36 | Build | House |
| 33:48 | Research | Bodkin Arrow |
| 34:06 | Build | Farm |
| 34:17 | Build | Lumber Camp |
| 34:29 | Build | House |
| 34:55 | Build | Farm |
| 34:57 | Build | Farm |
| 35:11 | Research | Stone Shaft Mining |
| 35:16 | Create | Ballista Elephant ×4 |
| 35:37 | Research | Scale Barding Armor |
| 35:53 | Create | Villager (Male) ×5 |
| 36:11 | Build | Gate |
| 36:25 | Build | Stone Wall |
| 36:38 | Build | Farm |
| 37:03 | Build | Farm |
| 37:26 | Build | Castle |
| 37:42 | Build | Farm |
| 37:51 | Build | Farm |
| 37:59 | Build | Lumber Camp |
| 38:13 | Create | Villager (Male) ×5 |
| 38:22 | Build | Farm |
| 38:44 | Build | Town Center |
| 39:14 | Build | Mining Camp |
| 39:31 | Research | Chain Barding Armor |
| 40:03 | Create | Ballista Elephant ×5 |
| 40:08 | Create | Ballista Elephant ×2 |
| 40:25 | Create | Villager (Male) ×5 |
| 41:32 | Build | Stone Wall |
| 41:51 | Build | Farm |
| 42:16 | Research | Padded Archer Armor |
| 42:43 | Build | Farm |
| 42:50 | Build | Farm |
| 43:20 | Research | Imperial Age |
| 43:24 | Create | Villager (Male) ×5 |
| 43:46 | Build | Gate |
| 44:42 | Create | Ballista Elephant ×5 |
| 44:43 | Create | Ballista Elephant |
| 44:43 | Create | Ballista Elephant |
Build order — 超級無敵海綿體
First 150 of 391 actions detected
| 0:02 | Create | Villager (Male) |
| 0:02 | Create | Villager (Male) |
| 0:02 | Create | Villager (Male) |
| 0:03 | Create | Villager (Male) |
| 0:03 | Create | Villager (Male) |
| 0:04 | Build | House |
| 0:05 | Build | House |
| 1:22 | Create | Villager (Male) |
| 1:45 | Build | Lumber Camp |
| 1:51 | Create | Villager (Male) |
| 2:06 | Create | Villager (Male) |
| 2:25 | Create | Villager (Male) |
| 2:43 | Create | Villager (Male) |
| 2:49 | Build | House |
| 3:03 | Create | Villager (Male) |
| 3:36 | Create | Villager (Male) |
| 3:36 | Create | Villager (Male) |
| 4:03 | Create | Villager (Male) |
| 4:09 | Build | Mill |
| 4:26 | Create | Villager (Male) |
| 4:34 | Create | Villager (Male) |
| 4:34 | Create | Villager (Male) |
| 4:57 | Create | Villager (Male) |
| 4:57 | Create | Villager (Male) |
| 5:11 | Build | House |
| 5:14 | Create | Villager (Male) |
| 5:33 | Create | Villager (Male) |
| 5:39 | Build | Farm |
| 5:40 | Create | Villager (Male) |
| 6:08 | Create | Villager (Male) |
| 6:10 | Create | Villager (Male) |
| 6:33 | Create | Villager (Male) |
| 6:34 | Create | Villager (Male) |
| 6:34 | Create | Villager (Male) |
| 6:55 | Build | Farm |
| 8:09 | Research | Feudal Age |
| 8:50 | Build | House |
| 9:03 | Build | House |
| 9:48 | Build | Lumber Camp |
| 10:17 | Create | Villager (Male) |
| 10:17 | Create | Villager (Male) |
| 10:32 | Age | Feudal Age |
| 10:37 | Build | Market |
| 10:53 | Build | Blacksmith |
| 11:19 | Create | Villager (Male) |
| 11:32 | Build | Mining Camp |
| 11:43 | Research | Castle Age |
| 12:13 | Build | Palisade Wall |
| 12:14 | Build | Palisade Wall |
| 12:23 | Research | Loom |
| 12:24 | Research | Horse Collar |
| 13:17 | Build | Palisade Wall |
| 13:19 | Build | Palisade Wall |
| 13:20 | Build | Palisade Wall |
| 13:31 | Build | Palisade Wall |
| 13:32 | Build | Palisade Wall |
| 13:33 | Build | Palisade Wall |
| 13:38 | Research | Double-Bit Axe |
| 13:45 | Research | Gold Mining |
| 14:27 | Age | Castle Age |
| 14:31 | Research | Wheelbarrow |
| 14:48 | Build | Palisade Wall |
| 15:01 | Build | Palisade Wall |
| 15:03 | Build | Palisade Wall |
| 15:04 | Build | Palisade Wall |
| 15:18 | Build | Mining Camp |
| 15:25 | Build | Town Center |
| 15:36 | Research | Heavy Plow |
| 15:58 | Build | Palisade Wall |
| 16:07 | Create | Villager (Male) |
| 16:07 | Create | Villager (Male) |
| 16:17 | Build | Palisade Wall |
| 16:33 | Build | House |
| 16:45 | Build | Farm |
| 16:54 | Create | Villager (Male) |
| 16:55 | Create | Villager (Male) |
| 17:08 | Build | Palisade Wall |
| 17:10 | Create | Villager (Male) |
| 17:10 | Create | Villager (Male) |
| 17:15 | Build | Palisade Wall |
| 17:17 | Create | Villager (Male) |
| 17:19 | Build | Farm |
| 17:31 | Build | Farm |
| 17:42 | Build | Palisade Wall |
| 17:43 | Build | Palisade Wall |
| 18:11 | Build | Palisade Wall |
| 18:17 | Build | Palisade Wall |
| 18:19 | Create | Villager (Male) |
| 18:20 | Create | Villager (Male) |
| 18:24 | Create | Villager (Male) |
| 18:24 | Create | Villager (Male) |
| 18:24 | Create | Villager (Male) |
| 18:37 | Build | University |
| 18:56 | Create | Villager (Male) |
| 18:57 | Create | Villager (Male) |
| 18:57 | Create | Villager (Male) |
| 19:35 | Create | Villager (Male) |
| 19:36 | Create | Villager (Male) |
| 19:52 | Build | Palisade Wall |
| 19:54 | Build | Palisade Wall |
| 19:58 | Build | House |
| 20:02 | Build | House |
| 20:12 | Build | Palisade Wall |
| 20:13 | Build | Palisade Wall |
| 20:17 | Build | Palisade Wall |
| 20:20 | Build | Palisade Wall |
| 20:22 | Build | Palisade Wall |
| 20:26 | Build | House |
| 20:27 | Build | House |
| 20:29 | Create | Villager (Male) |
| 20:29 | Create | Villager (Male) |
| 20:29 | Create | Villager (Male) |
| 20:36 | Research | Bow Saw |
| 20:51 | Build | Mining Camp |
| 20:56 | Build | House |
| 20:57 | Create | Villager (Male) |
| 21:28 | Build | House |
| 21:28 | Build | House |
| 21:31 | Create | Villager (Male) |
| 21:31 | Create | Villager (Male) |
| 21:32 | Create | Villager (Male) |
| 21:32 | Create | Villager (Male) |
| 21:32 | Create | Villager (Male) |
| 21:41 | Build | Farm |
| 21:47 | Build | Farm |
| 21:49 | Build | Farm |
| 21:52 | Build | Farm |
| 21:54 | Build | Farm |
| 21:56 | Create | Villager (Male) |
| 22:02 | Build | Castle |
| 22:10 | Build | House |
| 22:13 | Build | House |
| 22:16 | Create | Villager (Male) |
| 22:17 | Create | Villager (Male) |
| 22:17 | Create | Villager (Male) |
| 22:27 | Build | Palisade Wall |
| 22:37 | Build | Palisade Wall |
| 22:38 | Build | Palisade Wall |
| 22:45 | Build | House |
| 22:46 | Build | House |
| 22:47 | Create | Villager (Male) |
| 22:47 | Create | Villager (Male) |
| 22:48 | Create | Villager (Male) |
| 22:55 | Build | Siege Workshop |
| 23:07 | Create | Villager (Male) |
| 23:17 | Build | Palisade Wall |
| 23:27 | Create | Villager (Male) |
| 23:28 | Create | Villager (Male) |
| 23:28 | Create | Villager (Male) |
| 23:28 | Create | Villager (Male) |
Build order — wxj9966
First 150 of 497 actions detected
| 0:01 | Create | Villager (Male) |
| 0:01 | Create | Villager (Male) |
| 0:01 | Create | Villager (Male) |
| 0:01 | Create | Villager (Male) |
| 0:02 | Build | House |
| 0:04 | Build | House |
| 1:35 | Create | Villager (Male) |
| 1:49 | Build | Lumber Camp |
| 1:56 | Create | Villager (Male) |
| 2:24 | Create | Villager (Male) |
| 2:53 | Create | Villager (Male) |
| 3:13 | Create | Villager (Male) |
| 3:33 | Build | Mill |
| 3:44 | Create | Villager (Male) |
| 3:46 | Create | Villager (Male) |
| 3:49 | Build | House |
| 4:27 | Build | House |
| 4:29 | Build | House |
| 4:38 | Create | Villager (Male) |
| 4:40 | Create | Villager (Male) |
| 4:57 | Create | Villager (Male) |
| 5:21 | Create | Villager (Male) |
| 5:44 | Create | Villager (Male) |
| 5:53 | Build | House |
| 5:57 | Create | Villager (Male) |
| 6:01 | Create | Villager (Male) |
| 6:56 | Create | Villager (Male) |
| 7:23 | Create | Villager (Male) |
| 7:40 | Research | Loom |
| 7:45 | Build | Mining Camp |
| 7:48 | Build | House |
| 8:10 | Research | Feudal Age |
| 9:46 | Create | Villager (Male) |
| 9:47 | Create | Villager (Male) |
| 10:04 | Build | House |
| 10:15 | Build | House |
| 10:23 | Build | House |
| 10:34 | Age | Feudal Age |
| 10:40 | Build | Market |
| 10:41 | Build | Lumber Camp |
| 10:48 | Build | Blacksmith |
| 11:06 | Create | Villager (Male) |
| 11:33 | Build | Stone Wall |
| 11:42 | Research | Castle Age |
| 12:02 | Research | Stone Mining |
| 12:21 | Build | Stone Wall |
| 12:44 | Build | Stone Wall |
| 12:45 | Build | Stone Wall |
| 12:48 | Build | Stone Wall |
| 13:19 | Research | Horse Collar |
| 13:22 | Build | Farm |
| 13:24 | Build | Farm |
| 13:25 | Build | Farm |
| 13:29 | Build | Farm |
| 13:46 | Build | Stone Wall |
| 13:48 | Build | Stone Wall |
| 14:05 | Create | Villager (Male) |
| 14:18 | Build | Mining Camp |
| 14:27 | Create | Villager (Male) |
| 14:29 | Age | Castle Age |
| 14:53 | Build | Stone Wall |
| 14:59 | Build | University |
| 15:03 | Create | Villager (Male) |
| 15:19 | Build | Stone Wall |
| 15:40 | Create | Villager (Male) |
| 15:45 | Research | Town Watch |
| 15:49 | Build | House |
| 16:04 | Build | Farm |
| 16:07 | Research | Treadmill Crane |
| 16:15 | Create | Villager (Male) |
| 16:45 | Build | Farm |
| 16:49 | Build | Farm |
| 16:51 | Create | Villager (Male) |
| 17:01 | Build | Stone Wall |
| 17:10 | Build | Stone Wall |
| 17:14 | Create | Villager (Male) |
| 17:19 | Build | Stone Wall |
| 17:23 | Build | Stone Wall |
| 17:25 | Build | Stone Wall |
| 17:51 | Create | Villager (Male) |
| 17:56 | Build | Farm |
| 18:01 | Build | House |
| 18:06 | Create | Villager (Male) |
| 18:15 | Build | Stone Wall |
| 18:20 | Build | Stone Wall |
| 18:29 | Build | Stone Wall |
| 18:37 | Create | Villager (Male) |
| 18:42 | Build | House |
| 18:47 | Build | Farm |
| 18:55 | Research | Fortified Wall (upgrade) |
| 19:00 | Create | Villager (Male) |
| 19:07 | Build | Stone Wall |
| 19:16 | Build | Stone Wall |
| 19:23 | Build | Stone Wall |
| 19:27 | Build | Stone Wall |
| 19:32 | Create | Villager (Male) |
| 19:35 | Build | House |
| 20:01 | Build | Stone Wall |
| 20:03 | Build | Stone Wall |
| 20:03 | Create | Villager (Male) |
| 20:06 | Build | House |
| 20:25 | Build | Stone Wall |
| 20:26 | Build | Stone Wall |
| 20:27 | Create | Villager (Male) |
| 20:33 | Build | Stone Wall |
| 20:34 | Build | Stone Wall |
| 20:36 | Build | House |
| 20:40 | Build | Farm |
| 20:41 | Build | Farm |
| 20:45 | Build | Farm |
| 20:47 | Create | Villager (Male) |
| 20:49 | Research | Gold Mining |
| 21:03 | Build | Stone Wall |
| 21:05 | Build | House |
| 21:11 | Create | Villager (Male) |
| 21:22 | Build | Farm |
| 21:26 | Research | Masonry |
| 21:29 | Create | Villager (Male) |
| 21:42 | Build | House |
| 21:45 | Create | Villager (Male) |
| 21:56 | Build | Mining Camp |
| 22:10 | Build | Stone Wall |
| 22:12 | Build | Stone Wall |
| 22:13 | Create | Villager (Male) |
| 22:15 | Build | House |
| 22:16 | Build | House |
| 22:19 | Research | Wheelbarrow |
| 22:37 | Create | Villager (Male) |
| 22:42 | Build | Stone Wall |
| 22:48 | Create | Villager (Male) |
| 23:09 | Build | Stone Wall |
| 23:16 | Build | Town Center |
| 23:22 | Build | House |
| 23:23 | Build | House |
| 23:27 | Create | Villager (Male) |
| 23:38 | Build | Stone Wall |
| 23:39 | Build | Stone Wall |
| 23:43 | Build | Stone Wall |
| 23:44 | Create | Villager (Male) |
| 23:51 | Build | Stone Wall |
| 23:52 | Build | Stone Wall |
| 23:53 | Create | Villager (Male) |
| 24:02 | Build | Lumber Camp |
| 24:07 | Create | Villager (Male) |
| 24:12 | Research | Gold Shaft Mining |
| 24:17 | Build | House |
| 24:24 | Build | Stone Wall |
| 24:34 | Build | Stone Wall |
| 24:40 | Create | Villager (Male) |
| 24:44 | Build | House |
Build order — priceless
First 150 of 293 actions detected
| 0:02 | Create | Villager (Male) ×3 |
| 0:13 | Build | House |
| 0:31 | Build | House |
| 0:31 | Build | House |
| 0:37 | Build | House |
| 1:09 | Build | House |
| 1:37 | Build | Lumber Camp |
| 1:54 | Create | Villager (Male) |
| 2:34 | Create | Villager (Male) |
| 3:02 | Create | Villager (Male) |
| 3:25 | Create | Villager (Male) |
| 4:08 | Create | Villager (Male) ×3 |
| 5:07 | Build | Mill |
| 5:15 | Create | Villager (Male) |
| 5:16 | Create | Villager (Male) |
| 5:47 | Create | Villager (Male) |
| 5:59 | Create | Villager (Male) |
| 6:17 | Create | Villager (Male) |
| 6:35 | Create | Villager (Male) |
| 6:56 | Create | Villager (Male) |
| 7:21 | Build | Mining Camp |
| 7:27 | Create | Villager (Male) |
| 8:21 | Create | Villager (Male) |
| 8:39 | Research | Feudal Age |
| 9:21 | Create | Villager (Male) |
| 9:21 | Create | Villager (Male) |
| 10:53 | Age | Feudal Age |
| 10:55 | Build | Farm |
| 11:03 | Build | Market |
| 11:08 | Build | Blacksmith |
| 11:19 | Build | Farm |
| 12:04 | Build | Farm |
| 12:05 | Build | Farm |
| 12:18 | Build | Farm |
| 12:21 | Build | Farm |
| 12:49 | Research | Castle Age |
| 13:08 | Build | Farm |
| 14:54 | Research | Double-Bit Axe |
| 14:57 | Research | Horse Collar |
| 15:29 | Age | Castle Age |
| 15:31 | Build | Monastery |
| 15:35 | Build | Town Center |
| 15:40 | Create | Villager (Male) ×5 |
| 15:47 | Build | House |
| 15:47 | Build | House |
| 15:48 | Build | House |
| 15:49 | Build | House |
| 15:50 | Build | House |
| 15:58 | Create | Monk |
| 16:02 | Create | Monk |
| 16:45 | Build | Farm |
| 17:19 | Build | Farm |
| 17:20 | Create | Villager (Male) ×5 |
| 17:26 | Build | Town Center |
| 17:33 | Build | House |
| 17:34 | Build | House |
| 17:35 | Build | House |
| 18:15 | Build | Farm |
| 18:25 | Create | Villager (Male) ×4 |
| 18:28 | Build | Farm |
| 18:40 | Build | House |
| 18:42 | Build | House |
| 18:47 | Create | Villager (Male) |
| 19:10 | Build | Farm |
| 19:11 | Research | Heavy Plow |
| 19:25 | Build | Farm |
| 19:30 | Build | House |
| 19:31 | Build | House |
| 19:32 | Build | House |
| 20:09 | Create | Monk |
| 20:19 | Build | Farm |
| 20:21 | Create | Villager (Male) ×5 |
| 20:41 | Create | Villager (Male) ×2 |
| 21:06 | Build | Farm |
| 21:07 | Create | Villager (Male) ×3 |
| 21:26 | Create | Monk |
| 21:32 | Build | House |
| 21:32 | Build | House |
| 21:37 | Build | House |
| 21:38 | Build | House |
| 21:49 | Research | Loom |
| 21:52 | Build | Farm |
| 21:53 | Build | Farm |
| 21:53 | Build | Farm |
| 21:54 | Build | Farm |
| 21:56 | Create | Villager (Male) ×4 |
| 22:16 | Build | Farm |
| 22:18 | Build | Farm |
| 22:54 | Build | Farm |
| 22:54 | Build | Farm |
| 22:57 | Build | Farm |
| 22:57 | Build | Farm |
| 23:00 | Create | Villager (Male) ×5 |
| 23:12 | Research | Bow Saw |
| 23:30 | Build | House |
| 23:31 | Build | House |
| 23:33 | Build | House |
| 23:34 | Build | House |
| 23:37 | Build | Barracks |
| 23:41 | Create | Villager (Male) ×4 |
| 23:55 | Build | Mining Camp |
| 23:59 | Create | Villager (Male) ×4 |
| 24:04 | Build | Farm |
| 24:36 | Build | Farm |
| 24:40 | Create | Villager (Male) ×5 |
| 24:41 | Create | Villager (Male) ×2 |
| 24:46 | Build | House |
| 24:47 | Build | House |
| 24:48 | Build | House |
| 24:50 | Build | House |
| 24:51 | Build | House |
| 24:52 | Build | House |
| 24:52 | Build | House |
| 24:57 | Create | Villager (Male) |
| 25:00 | Build | Mill |
| 25:10 | Create | Villager (Male) ×4 |
| 25:20 | Build | Farm |
| 25:30 | Research | Gold Mining |
| 25:36 | Build | Farm |
| 25:44 | Research | Stone Mining |
| 25:48 | Build | Lumber Camp |
| 25:53 | Build | Lumber Camp |
| 25:55 | Create | Villager (Male) ×2 |
| 25:56 | Build | Farm |
| 26:02 | Create | Villager (Male) |
| 26:46 | Research | Stone Shaft Mining |
| 26:47 | Create | Villager (Male) ×5 |
| 26:49 | Build | Farm |
| 26:50 | Build | Farm |
| 27:01 | Create | Villager (Male) ×3 |
| 27:20 | Build | Farm |
| 27:26 | Build | House |
| 27:27 | Build | House |
| 27:28 | Build | House |
| 27:29 | Build | House |
| 27:29 | Build | House |
| 27:30 | Build | House |
| 27:37 | Create | Villager (Male) ×5 |
| 27:40 | Build | Farm |
| 28:14 | Build | Farm |
| 28:19 | Create | Villager (Male) ×5 |
| 28:22 | Build | Farm |
| 28:33 | Build | Mill |
| 28:47 | Build | Castle |
| 28:54 | Build | Farm |
| 28:58 | Create | Villager (Male) |
| 28:59 | Create | Villager (Male) |
| 28:59 | Create | Villager (Male) |
| 29:00 | Create | Villager (Male) |
| 29:04 | Build | Farm |
Build order — yi
First 150 of 196 actions detected
| 0:09 | Build | House |
| 0:13 | Create | Villager (Male) |
| 0:13 | Create | Villager (Male) |
| 0:19 | Build | Mill |
| 0:20 | Create | Villager (Male) |
| 0:26 | Create | Villager (Male) |
| 1:58 | Create | Villager (Male) |
| 2:31 | Create | Villager (Male) |
| 2:44 | Build | House |
| 3:03 | Create | Villager (Male) |
| 3:36 | Create | Villager (Male) |
| 3:55 | Create | Villager (Male) |
| 5:14 | Create | Villager (Male) |
| 5:47 | Create | Villager (Male) |
| 5:48 | Create | Villager (Male) |
| 6:32 | Build | House |
| 7:41 | Build | House |
| 8:03 | Build | Mining Camp |
| 8:38 | Research | Feudal Age |
| 10:29 | Build | Lumber Camp |
| 10:48 | Age | Feudal Age |
| 10:56 | Build | Blacksmith |
| 11:32 | Create | Villager (Male) |
| 11:37 | Build | House |
| 11:45 | Build | Farm |
| 11:47 | Build | Farm |
| 11:48 | Create | Villager (Male) |
| 11:59 | Build | Farm |
| 12:15 | Create | Villager (Male) |
| 12:19 | Build | House |
| 12:24 | Build | Farm |
| 12:42 | Create | Villager (Male) |
| 12:49 | Build | Farm |
| 13:13 | Create | Villager (Male) |
| 13:15 | Build | Farm |
| 13:18 | Create | Villager (Male) |
| 14:04 | Create | Villager (Male) |
| 14:05 | Create | Villager (Male) |
| 14:42 | Build | Market |
| 14:59 | Create | Villager (Male) |
| 15:43 | Build | Mining Camp |
| 16:31 | Research | Castle Age |
| 18:02 | Build | House |
| 18:09 | Build | Farm |
| 18:10 | Build | Farm |
| 18:12 | Build | Farm |
| 18:13 | Build | Farm |
| 18:34 | Research | Double-Bit Axe |
| 18:35 | Research | Horse Collar |
| 19:02 | Create | Villager (Male) |
| 19:03 | Create | Villager (Male) |
| 19:10 | Create | Villager (Male) |
| 19:11 | Age | Castle Age |
| 19:49 | Build | Town Center |
| 19:52 | Create | Villager (Male) |
| 20:27 | Create | Villager (Male) |
| 20:53 | Create | Villager (Male) |
| 20:58 | Build | House |
| 20:59 | Build | House |
| 21:00 | Build | House |
| 21:01 | Build | House |
| 21:33 | Create | Villager (Male) |
| 21:33 | Create | Villager (Male) |
| 21:38 | Create | Villager (Male) |
| 21:39 | Create | Villager (Male) |
| 22:07 | Create | Villager (Male) |
| 22:08 | Create | Villager (Male) |
| 22:34 | Research | Bow Saw |
| 22:35 | Create | Villager (Male) |
| 22:36 | Create | Villager (Male) |
| 22:50 | Create | Villager (Male) |
| 23:15 | Create | Villager (Male) |
| 23:15 | Create | Villager (Male) |
| 23:24 | Build | Town Center |
| 23:25 | Create | Villager (Male) |
| 23:29 | Create | Villager (Male) |
| 23:29 | Create | Villager (Male) |
| 23:46 | Create | Villager (Male) |
| 23:53 | Research | Stone Mining |
| 24:04 | Create | Villager (Male) |
| 24:16 | Build | Town Center |
| 24:19 | Create | Villager (Male) |
| 24:20 | Create | Villager (Male) |
| 25:17 | Create | Villager (Male) |
| 25:17 | Create | Villager (Male) |
| 25:20 | Build | Farm |
| 25:20 | Build | Farm |
| 25:20 | Build | Farm |
| 25:21 | Build | Farm |
| 25:21 | Build | Farm |
| 25:21 | Build | Farm |
| 25:22 | Build | Farm |
| 25:23 | Build | Farm |
| 25:24 | Build | Farm |
| 25:24 | Build | Farm |
| 25:25 | Build | Farm |
| 25:25 | Build | Farm |
| 25:25 | Build | Farm |
| 25:26 | Create | Villager (Male) |
| 25:27 | Create | Villager (Male) |
| 25:27 | Create | Villager (Male) |
| 25:41 | Create | Villager (Male) |
| 25:41 | Create | Villager (Male) |
| 25:42 | Create | Villager (Male) |
| 25:44 | Build | House |
| 25:45 | Build | House |
| 25:46 | Build | House |
| 25:47 | Build | House |
| 25:50 | Create | Villager (Male) |
| 25:53 | Build | Farm |
| 25:54 | Build | Farm |
| 25:54 | Build | Farm |
| 25:54 | Build | Farm |
| 26:01 | Create | Villager (Male) |
| 26:11 | Create | Villager (Male) |
| 26:24 | Create | Villager (Male) |
| 26:29 | Build | Farm |
| 26:32 | Build | Farm |
| 26:36 | Build | Farm |
| 26:41 | Build | Farm |
| 26:45 | Create | Villager (Male) |
| 26:45 | Create | Villager (Male) |
| 26:47 | Create | Villager (Male) |
| 26:48 | Create | Villager (Male) |
| 27:02 | Create | Villager (Male) |
| 27:08 | Research | Gold Mining |
| 27:22 | Create | Villager (Male) |
| 27:23 | Create | Villager (Male) |
| 27:24 | Create | Villager (Male) |
| 27:32 | Build | Farm |
| 27:35 | Create | Villager (Male) |
| 27:48 | Create | Villager (Male) |
| 28:27 | Create | Villager (Male) |
| 28:27 | Create | Villager (Male) |
| 28:27 | Create | Villager (Male) |
| 28:28 | Create | Villager (Male) |
| 28:57 | Build | Farm |
| 28:58 | Build | Farm |
| 29:00 | Build | Farm |
| 29:02 | Build | Farm |
| 29:03 | Build | Farm |
| 29:04 | Build | Farm |
| 29:30 | Create | Villager (Male) |
| 29:31 | Create | Villager (Male) |
| 29:48 | Create | Villager (Male) |
| 29:49 | Create | Villager (Male) |
| 29:52 | Build | Lumber Camp |
| 29:54 | Create | Villager (Male) |
| 29:57 | Create | Villager (Male) |
| 29:57 | Create | Villager (Male) |
Build order —
First 150 of 538 actions detected
| 0:00 | Build | House |
| 0:02 | Build | House |
| 1:42 | Build | Lumber Camp |
| 2:00 | Build | Mill |
| 2:16 | Build | Lumber Camp |
| 3:46 | Build | House |
| 4:57 | Build | Mining Camp |
| 5:51 | Research | Tech None |
| 5:51 | Build | House |
| 6:41 | Research | Tech None |
| 8:01 | Build | Lumber Camp |
| 8:38 | Build | Lumber Camp |
| 8:39 | Build | Lumber Camp |
| 8:52 | Build | Market |
| 8:53 | Research | Tech None |
| 8:53 | Build | Blacksmith |
| 8:53 | Research | Tech None |
| 9:16 | Build | House |
| 9:42 | Research | Tech None |
| 10:42 | Build | Market |
| 11:16 | Build | Farm |
| 11:24 | Build | Farm |
| 11:51 | Build | Market |
| 12:22 | Research | Tech None |
| 12:22 | Build | Town Center |
| 12:23 | Research | Tech None |
| 12:23 | Build | Town Center |
| 12:39 | Build | House |
| 12:40 | Build | House |
| 12:52 | Build | House |
| 13:06 | Build | Castle |
| 13:12 | Build | Farm |
| 13:28 | Build | Farm |
| 13:55 | Research | Tech None |
| 13:55 | Research | Tech None |
| 14:05 | Build | Farm |
| 14:25 | Build | Farm |
| 14:32 | Build | Farm |
| 14:36 | Build | Farm |
| 14:44 | Build | Farm |
| 14:51 | Build | Farm |
| 14:58 | Build | Farm |
| 14:59 | Build | Farm |
| 15:12 | Build | Farm |
| 15:17 | Build | Farm |
| 15:34 | Build | Monastery |
| 15:43 | Build | Farm |
| 15:55 | Build | Barracks |
| 16:01 | Build | Farm |
| 16:08 | Build | Farm |
| 16:15 | Build | Farm |
| 16:28 | Build | University |
| 16:33 | Build | House |
| 16:34 | Build | House |
| 16:40 | Build | Farm |
| 16:52 | Build | Farm |
| 16:58 | Build | Farm |
| 17:03 | Build | Archery Range |
| 17:12 | Build | House |
| 17:15 | Build | House |
| 17:17 | Research | Tech None |
| 17:23 | Build | Farm |
| 17:28 | Build | Archery Range |
| 17:38 | Research | Tech None |
| 17:42 | Build | Farm |
| 17:46 | Build | Farm |
| 17:51 | Build | Farm |
| 17:53 | Build | House |
| 17:56 | Build | House |
| 18:08 | Research | Tech None |
| 18:08 | Build | Archery Range |
| 18:12 | Build | Farm |
| 18:24 | Build | Archery Range |
| 18:39 | Build | Farm |
| 18:45 | Build | Farm |
| 18:51 | Build | Lumber Camp |
| 19:00 | Build | Lumber Camp |
| 19:02 | Research | Tech None |
| 19:03 | Research | Tech None |
| 19:03 | Build | House |
| 19:04 | Build | House |
| 19:15 | Research | Tech None |
| 19:26 | Build | Mining Camp |
| 19:43 | Research | Tech None |
| 19:43 | Build | Stable |
| 19:43 | Build | Market |
| 20:01 | Research | Tech None |
| 20:03 | Build | Town Center |
| 20:08 | Build | Market |
| 20:38 | Research | Tech None |
| 20:58 | Build | House |
| 21:00 | Build | House |
| 21:01 | Build | House |
| 21:02 | Build | Castle |
| 21:05 | Build | Mining Camp |
| 21:08 | Build | Mining Camp |
| 21:12 | Build | Mining Camp |
| 21:49 | Build | Barracks |
| 21:53 | Build | Barracks |
| 22:00 | Research | Tech None |
| 22:03 | Build | Barracks |
| 22:14 | Research | Tech None |
| 22:14 | Build | Barracks |
| 22:16 | Build | Barracks |
| 22:22 | Research | Tech None |
| 22:27 | Build | Siege Workshop |
| 22:34 | Build | Barracks |
| 22:38 | Build | Barracks |
| 22:39 | Build | Gate |
| 22:41 | Research | Tech None |
| 22:42 | Build | Gate |
| 22:43 | Research | Tech None |
| 23:01 | Build | Lumber Camp |
| 23:05 | Build | Farm |
| 23:06 | Research | Tech None |
| 23:08 | Build | Farm |
| 23:09 | Build | Farm |
| 23:13 | Build | Farm |
| 23:15 | Build | Farm |
| 23:16 | Build | Farm |
| 23:17 | Build | Farm |
| 23:19 | Build | House |
| 23:20 | Build | House |
| 23:20 | Build | House |
| 23:22 | Build | Farm |
| 23:27 | Build | Siege Workshop |
| 23:35 | Build | Stable |
| 23:39 | Build | House |
| 23:40 | Build | Farm |
| 23:49 | Build | Stable |
| 23:53 | Build | Farm |
| 23:56 | Build | Farm |
| 23:58 | Research | Tech None |
| 23:58 | Build | House |
| 24:01 | Build | Stable |
| 24:02 | Build | House |
| 24:02 | Build | House |
| 24:05 | Build | Farm |
| 24:10 | Build | Farm |
| 24:11 | Build | Mill |
| 24:14 | Research | Tech None |
| 24:24 | Build | Archery Range |
| 24:30 | Research | Tech None |
| 24:32 | Build | Farm |
| 24:36 | Build | Farm |
| 24:39 | Build | Archery Range |
| 24:47 | Build | Castle |
| 24:52 | Build | Siege Workshop |
| 24:54 | Build | Farm |
| 24:55 | Build | House |
Build order —
First 150 of 352 actions detected
| 1:42 | Build | Lumber Camp |
| 1:43 | Build | Lumber Camp |
| 2:57 | Build | Mill |
| 2:58 | Build | Lumber Camp |
| 3:26 | Build | Farm |
| 4:48 | Build | Farm |
| 4:57 | Build | Mining Camp |
| 5:47 | Research | Tech None |
| 8:01 | Research | Tech None |
| 8:01 | Build | Market |
| 8:02 | Research | Tech None |
| 8:02 | Build | Blacksmith |
| 8:03 | Research | Tech None |
| 8:04 | Research | Tech None |
| 9:16 | Research | Tech None |
| 10:18 | Build | Market |
| 11:03 | Build | Market |
| 11:10 | Build | Mill |
| 11:11 | Build | Farm |
| 11:56 | Research | Tech None |
| 11:56 | Build | Town Center |
| 11:57 | Research | Tech None |
| 11:57 | Build | Town Center |
| 11:58 | Build | Farm |
| 12:21 | Build | Farm |
| 12:23 | Research | Tech None |
| 12:24 | Build | Monastery |
| 12:24 | Build | Monastery |
| 12:43 | Research | Tech None |
| 13:10 | Build | Siege Workshop |
| 13:13 | Create | Monk |
| 13:34 | Build | Farm |
| 13:48 | Build | Barracks |
| 14:01 | Build | Farm |
| 14:24 | Build | Farm |
| 14:29 | Create | Mangonel |
| 14:40 | Build | Farm |
| 14:51 | Build | Farm |
| 15:09 | Build | Stable |
| 15:20 | Build | Farm |
| 15:26 | Build | Farm |
| 15:31 | Build | Farm |
| 15:35 | Create | Scout Cavalry |
| 15:42 | Build | Farm |
| 15:54 | Create | Scout Cavalry |
| 15:54 | Research | Tech None |
| 16:04 | Build | Farm |
| 16:06 | Build | Farm |
| 16:13 | Build | Farm |
| 16:28 | Build | Farm |
| 16:31 | Build | Farm |
| 16:34 | Build | Farm |
| 16:44 | Research | Tech None |
| 16:44 | Build | Town Center |
| 16:53 | Build | Town Center |
| 16:54 | Research | Tech None |
| 16:56 | Research | Tech None |
| 16:58 | Build | Farm |
| 17:02 | Build | Farm |
| 17:08 | Build | Mining Camp |
| 17:09 | Research | Tech None |
| 17:23 | Build | Farm |
| 17:26 | Build | Farm |
| 17:35 | Research | Tech None |
| 17:46 | Build | Farm |
| 17:48 | Build | Lumber Camp |
| 17:50 | Build | Mining Camp |
| 17:53 | Build | Farm |
| 18:04 | Research | Tech None |
| 18:06 | Research | Tech None |
| 18:16 | Build | Mining Camp |
| 18:21 | Build | Farm |
| 18:23 | Research | Tech None |
| 18:31 | Build | Barracks |
| 18:42 | Build | Farm |
| 18:43 | Build | Farm |
| 18:52 | Build | Farm |
| 19:05 | Build | Farm |
| 19:08 | Build | Barracks |
| 19:17 | Build | Barracks |
| 19:33 | Create | Scout Cavalry |
| 19:39 | Build | Farm |
| 19:40 | Build | Farm |
| 19:46 | Create | Scout Cavalry |
| 19:47 | Research | Tech None |
| 19:52 | Research | Tech None |
| 19:53 | Build | Barracks |
| 19:56 | Build | Farm |
| 20:05 | Research | Tech None |
| 20:05 | Research | Tech None |
| 20:06 | Create | Battering Ram |
| 20:06 | Research | Tech None |
| 20:09 | Build | Stable |
| 20:23 | Build | Lumber Camp |
| 20:35 | Build | Farm |
| 20:47 | Research | Tech None |
| 20:48 | Build | Farm |
| 21:12 | Build | Stable |
| 21:15 | Build | Stable |
| 21:46 | Build | Stable |
| 21:53 | Create | Scout Cavalry |
| 21:56 | Build | Market |
| 21:56 | Create | Scout Cavalry |
| 22:04 | Research | Tech None |
| 22:09 | Create | Battering Ram |
| 22:09 | Build | Stable |
| 22:19 | Build | University |
| 22:31 | Build | Stable |
| 22:39 | Create | Knight |
| 22:45 | Research | Tech None |
| 22:49 | Create | Knight |
| 22:50 | Build | University |
| 22:53 | Build | Archery Range |
| 22:58 | Build | Archery Range |
| 23:01 | Create | Knight |
| 23:06 | Create | Knight |
| 23:11 | Build | Stable |
| 23:13 | Build | Stable |
| 23:16 | Build | Farm |
| 23:18 | Build | Farm |
| 23:19 | Create | Knight |
| 23:20 | Research | Tech None |
| 23:22 | Build | Stable |
| 23:25 | Research | Tech None |
| 23:27 | Build | Stable |
| 23:38 | Build | Archery Range |
| 23:42 | Build | Farm |
| 23:45 | Build | Archery Range |
| 23:50 | Build | Farm |
| 23:54 | Build | Castle |
| 23:55 | Build | Siege Workshop |
| 23:56 | Create | Knight |
| 23:56 | Create | Cavalry Archer |
| 24:00 | Build | Archery Range |
| 24:02 | Build | Archery Range |
| 24:10 | Build | Archery Range |
| 24:15 | Build | Siege Workshop |
| 24:15 | Research | Tech None |
| 24:17 | Build | Siege Workshop |
| 24:23 | Build | Lumber Camp |
| 24:29 | Create | Knight |
| 24:30 | Create | Knight |
| 24:32 | Build | Farm |
| 24:35 | Build | Siege Workshop |
| 24:38 | Build | Siege Workshop |
| 24:40 | Research | Tech None |
| 24:41 | Create | Knight |
| 24:42 | Create | Knight |
| 24:42 | Create | Knight |
| 24:42 | Create | Scout Cavalry |
Build order —
First 150 of 489 actions detected
| 0:00 | Build | House |
| 0:02 | Build | House |
| 1:42 | Build | Lumber Camp |
| 2:05 | Build | Mill |
| 2:10 | Build | Lumber Camp |
| 3:46 | Build | House |
| 3:46 | Build | Farm |
| 4:58 | Build | Mining Camp |
| 5:51 | Research | Tech None |
| 5:51 | Build | House |
| 6:41 | Research | Tech None |
| 8:01 | Build | Lumber Camp |
| 8:31 | Build | Lumber Camp |
| 8:52 | Build | Market |
| 8:53 | Research | Tech None |
| 8:53 | Build | Blacksmith |
| 8:53 | Research | Tech None |
| 8:54 | Research | Tech None |
| 9:16 | Build | House |
| 9:42 | Research | Tech None |
| 11:14 | Build | Market |
| 11:49 | Build | Market |
| 12:22 | Research | Tech None |
| 12:22 | Build | Mill |
| 12:23 | Research | Tech None |
| 12:23 | Build | Town Center |
| 12:23 | Build | House |
| 12:48 | Build | Town Center |
| 12:54 | Build | House |
| 12:58 | Build | House |
| 13:18 | Build | Farm |
| 13:33 | Build | Farm |
| 13:35 | Research | Tech None |
| 13:56 | Research | Tech None |
| 14:23 | Build | Monastery |
| 14:23 | Build | Monastery |
| 14:40 | Build | Barracks |
| 14:48 | Create | Monk |
| 15:08 | Build | Town Center |
| 15:11 | Build | Farm |
| 15:27 | Build | Farm |
| 15:28 | Build | Farm |
| 15:43 | Research | Tech None |
| 15:47 | Build | Stable |
| 15:59 | Build | Archery Range |
| 16:15 | Build | Farm |
| 16:19 | Build | Farm |
| 16:30 | Build | Farm |
| 16:33 | Build | Farm |
| 16:34 | Build | House |
| 16:58 | Build | House |
| 16:59 | Build | House |
| 17:04 | Build | Farm |
| 17:10 | Research | Tech None |
| 17:12 | Build | Farm |
| 17:16 | Build | Farm |
| 17:17 | Build | Farm |
| 17:20 | Build | Farm |
| 17:23 | Build | Farm |
| 17:38 | Build | Archery Range |
| 17:54 | Build | Siege Workshop |
| 17:57 | Build | Farm |
| 18:03 | Create | Cavalry Archer |
| 18:04 | Research | Tech None |
| 18:04 | Create | Cavalry Archer |
| 18:11 | Build | Farm |
| 18:13 | Build | House |
| 18:19 | Build | House |
| 18:21 | Build | Farm |
| 18:28 | Build | Farm |
| 18:29 | Build | Farm |
| 18:31 | Build | Farm |
| 18:35 | Build | House |
| 18:36 | Build | Farm |
| 18:37 | Build | Farm |
| 18:38 | Research | Tech None |
| 18:41 | Build | Farm |
| 18:41 | Build | House |
| 18:42 | Build | Farm |
| 18:43 | Build | Farm |
| 18:47 | Build | Farm |
| 18:54 | Build | Farm |
| 18:55 | Research | Tech None |
| 18:55 | Build | House |
| 18:56 | Build | Lumber Camp |
| 19:00 | Build | House |
| 19:01 | Build | House |
| 19:14 | Build | Mining Camp |
| 19:27 | Build | Barracks |
| 19:35 | Research | Tech None |
| 19:39 | Build | Barracks |
| 19:55 | Build | University |
| 19:58 | Build | University |
| 20:00 | Build | Barracks |
| 20:08 | Build | Archery Range |
| 20:10 | Build | University |
| 20:11 | Build | University |
| 20:17 | Build | Archery Range |
| 20:21 | Build | Market |
| 20:32 | Create | Cavalry Archer |
| 20:32 | Research | Tech None |
| 20:32 | Create | Cavalry Archer |
| 20:36 | Build | University |
| 20:38 | Build | University |
| 20:40 | Build | House |
| 20:41 | Build | House |
| 20:42 | Build | House |
| 20:47 | Build | Archery Range |
| 20:50 | Research | Tech None |
| 20:53 | Build | Archery Range |
| 20:54 | Build | Archery Range |
| 20:57 | Build | Farm |
| 20:58 | Build | Farm |
| 21:04 | Create | Cavalry Archer |
| 21:06 | Build | Farm |
| 21:08 | Research | Tech None |
| 21:09 | Build | Farm |
| 21:10 | Build | Farm |
| 21:13 | Create | Cavalry Archer |
| 21:13 | Build | Farm |
| 21:13 | Build | House |
| 21:15 | Build | House |
| 21:15 | Build | Farm |
| 21:17 | Create | Cavalry Archer |
| 21:17 | Build | Farm |
| 21:18 | Build | Farm |
| 21:19 | Build | Farm |
| 21:20 | Build | Farm |
| 21:25 | Create | Cavalry Archer |
| 21:30 | Create | Cavalry Archer |
| 21:30 | Build | Farm |
| 21:32 | Research | Tech None |
| 21:32 | Build | House |
| 21:33 | Build | Farm |
| 21:48 | Research | Tech None |
| 21:54 | Build | Archery Range |
| 21:56 | Build | House |
| 21:57 | Build | House |
| 21:57 | Build | Farm |
| 22:00 | Build | Archery Range |
| 22:07 | Research | Tech None |
| 22:08 | Create | Battering Ram |
| 22:08 | Create | Cavalry Archer |
| 22:09 | Research | Tech None |
| 22:12 | Create | Cavalry Archer |
| 22:14 | Create | Cavalry Archer |
| 22:15 | Build | House |
| 22:28 | Create | Cavalry Archer |
| 22:32 | Build | Archery Range |
| 22:39 | Create | Cavalry Archer |
Match timeline
| 9:16 | · first_market_sell 100 food |
| 9:21 | · first_market_sell 100 food |
| 10:28 | · first_market_sell 100 food |
| 10:32 | 超級無敵海綿體 · age_up feudal |
| 10:34 | wxj9966 · age_up feudal |
| 10:48 | yi · age_up feudal |
| 10:53 | priceless · age_up feudal |
| 11:33 | wxj9966 · wall_segment Stone Wall x5 |
| 12:07 | 一枚小渣渣 · age_up feudal |
| 12:13 | 超級無敵海綿體 · wall_segment Palisade Wall x6 |
| 12:14 | 超級無敵海綿體 · wall_segment Palisade Wall x5 |
| 12:21 | wxj9966 · wall_segment Stone Wall x24 |
| 12:24 | · first_building Monastery |
| 12:24 | · first_market_buy 100 stone |
| 12:44 | wxj9966 · wall_segment Stone Wall x2 |
| 12:45 | wxj9966 · wall_segment Stone Wall x1 |
| 12:48 | wxj9966 · wall_segment Stone Wall x23 |
| 13:06 | · first_building Castle |
| 13:10 | · first_building Siege Workshop |
| 13:17 | 超級無敵海綿體 · wall_segment Palisade Wall x6 |
| 13:19 | 超級無敵海綿體 · wall_segment Palisade Wall x3 |
| 13:20 | 超級無敵海綿體 · wall_segment Palisade Wall x7 |
| 13:31 | 超級無敵海綿體 · wall_segment Palisade Wall x5 |
| 13:32 | 超級無敵海綿體 · wall_segment Palisade Wall x1 |
| 13:33 | 超級無敵海綿體 · wall_segment Palisade Wall x1 |
| 13:43 | 超級無敵海綿體 · first_market_buy 100 food |
| 13:46 | wxj9966 · wall_segment Stone Wall x12 |
| 13:48 | wxj9966 · wall_segment Stone Wall x23 |
| 13:48 | · first_building Barracks |
| 14:23 | · first_building Monastery |
| 14:27 | 超級無敵海綿體 · age_up castle |
| 14:29 | wxj9966 · age_up castle |
| 14:40 | · first_building Barracks |
| 14:48 | 超級無敵海綿體 · wall_segment Palisade Wall x7 |
| 14:53 | wxj9966 · wall_segment Stone Wall x7 |
| 15:01 | 超級無敵海綿體 · wall_segment Palisade Wall x6 |
| 15:03 | 超級無敵海綿體 · wall_segment Palisade Wall x9 |
| 15:04 | 超級無敵海綿體 · wall_segment Palisade Wall x12 |
| 15:09 | · first_building Stable |
| 15:19 | wxj9966 · wall_segment Stone Wall x22 |
| 15:29 | priceless · age_up castle |
| 15:31 | priceless · first_building Monastery |
| 15:34 | · first_building Monastery |
| 15:47 | · first_building Stable |
| 15:55 | · first_building Barracks |
| 15:58 | 超級無敵海綿體 · wall_segment Palisade Wall x8 |
| 15:59 | · first_building Archery Range |
| 16:17 | 超級無敵海綿體 · wall_segment Palisade Wall x3 |
| 16:31 | 一枚小渣渣 · first_building Archery Range |
| 16:36 | wxj9966 · first_market_buy 100 food |
| 16:43 | · first_market_buy 100 wood |
| 17:01 | wxj9966 · wall_segment Stone Wall x3 |
| 17:03 | · first_building Archery Range |
| 17:08 | 超級無敵海綿體 · wall_segment Palisade Wall x1 |
| 17:10 | wxj9966 · wall_segment Stone Wall x17 |
| 17:15 | 超級無敵海綿體 · wall_segment Palisade Wall x1 |
| 17:15 | · first_market_buy 100 food |
| 17:19 | wxj9966 · wall_segment Stone Wall x7 |
| 17:23 | wxj9966 · wall_segment Stone Wall x1 |
| 17:25 | wxj9966 · wall_segment Stone Wall x9 |
| 17:42 | 超級無敵海綿體 · wall_segment Palisade Wall x4 |
| 17:43 | 超級無敵海綿體 · wall_segment Palisade Wall x12 |
| 17:54 | · first_building Siege Workshop |
| 18:11 | 超級無敵海綿體 · wall_segment Palisade Wall x10 |
| 18:15 | wxj9966 · wall_segment Stone Wall x5 |
| 18:17 | 超級無敵海綿體 · wall_segment Palisade Wall x10 |
| 18:20 | wxj9966 · wall_segment Stone Wall x8 |
| 18:29 | wxj9966 · wall_segment Stone Wall x3 |
| 19:07 | wxj9966 · wall_segment Stone Wall x6 |
| 19:11 | yi · age_up castle |
| 19:16 | wxj9966 · wall_segment Stone Wall x4 |
| 19:23 | wxj9966 · wall_segment Stone Wall x1 |
| 19:27 | wxj9966 · wall_segment Stone Wall x1 |
| 19:43 | · first_building Stable |
| 19:50 | 一枚小渣渣 · wall_segment Stone Wall x49 |
| 19:52 | 超級無敵海綿體 · wall_segment Palisade Wall x5 |
| 19:54 | 超級無敵海綿體 · wall_segment Palisade Wall x12 |
| 20:01 | wxj9966 · wall_segment Stone Wall x6 |
| 20:03 | wxj9966 · wall_segment Stone Wall x21 |
| 20:12 | 超級無敵海綿體 · wall_segment Palisade Wall x6 |
| 20:13 | 超級無敵海綿體 · wall_segment Palisade Wall x7 |
| 20:17 | 超級無敵海綿體 · wall_segment Palisade Wall x10 |
| 20:20 | 超級無敵海綿體 · wall_segment Palisade Wall x13 |
| 20:22 | 超級無敵海綿體 · wall_segment Palisade Wall x1 |
| 20:25 | wxj9966 · wall_segment Stone Wall x11 |
| 20:26 | wxj9966 · wall_segment Stone Wall x8 |
| 20:33 | wxj9966 · wall_segment Stone Wall x7 |
| 20:34 | wxj9966 · wall_segment Stone Wall x3 |
| 21:03 | wxj9966 · wall_segment Stone Wall x10 |
| 22:02 | 超級無敵海綿體 · first_building Castle |
| 22:10 | wxj9966 · wall_segment Stone Wall x3 |
| 22:12 | wxj9966 · wall_segment Stone Wall x9 |
| 22:27 | 超級無敵海綿體 · wall_segment Palisade Wall x5 |
| 22:27 | · first_building Siege Workshop |
| 22:37 | 超級無敵海綿體 · wall_segment Palisade Wall x12 |
| 22:38 | 超級無敵海綿體 · wall_segment Palisade Wall x11 |
| 22:42 | wxj9966 · wall_segment Stone Wall x4 |
| 22:53 | · first_building Archery Range |
| 22:55 | 超級無敵海綿體 · first_building Siege Workshop |
| 23:09 | wxj9966 · wall_segment Stone Wall x15 |
| 23:10 | · first_building Castle |
| 23:17 | 超級無敵海綿體 · wall_segment Palisade Wall x5 |
| 23:37 | priceless · first_building Barracks |
| 23:38 | wxj9966 · wall_segment Stone Wall x10 |
| 23:39 | wxj9966 · wall_segment Stone Wall x8 |
| 23:43 | wxj9966 · wall_segment Stone Wall x8 |
| 23:51 | wxj9966 · wall_segment Stone Wall x2 |
| 23:52 | wxj9966 · wall_segment Stone Wall x2 |
| 23:54 | · first_building Castle |
| 24:13 | 一枚小渣渣 · wall_segment Stone Wall x14 |
| 24:18 | 超級無敵海綿體 · wall_segment Palisade Wall x1 |
| 24:23 | 超級無敵海綿體 · wall_segment Palisade Wall x5 |
| 24:24 | wxj9966 · wall_segment Stone Wall x16 |
| 24:29 | 超級無敵海綿體 · wall_segment Palisade Wall x4 |
| 24:30 | 超級無敵海綿體 · wall_segment Palisade Wall x10 |
| 24:34 | wxj9966 · wall_segment Stone Wall x6 |
| 25:07 | wxj9966 · wall_segment Stone Wall x11 |
| 25:11 | wxj9966 · wall_segment Stone Wall x7 |
| 25:17 | 超級無敵海綿體 · wall_segment Palisade Wall x11 |
| 25:18 | 超級無敵海綿體 · wall_segment Palisade Wall x1 |
| 25:27 | wxj9966 · wall_segment Stone Wall x8 |
| 25:28 | wxj9966 · wall_segment Stone Wall x1 |
| 25:56 | 一枚小渣渣 · age_up castle |
| 25:57 | wxj9966 · wall_segment Stone Wall x10 |
| 26:09 | wxj9966 · wall_segment Stone Wall x5 |
| 26:09 | 超級無敵海綿體 · wall_segment Palisade Wall x4 |
| 26:12 | wxj9966 · wall_segment Stone Wall x10 |
| 26:16 | 超級無敵海綿體 · wall_segment Palisade Wall x13 |
| 26:30 | 超級無敵海綿體 · wall_segment Palisade Wall x23 |
| 26:32 | wxj9966 · wall_segment Stone Wall x9 |
| 26:47 | wxj9966 · wall_segment Stone Wall x20 |
| 26:50 | wxj9966 · wall_segment Stone Wall x9 |
| 26:59 | 超級無敵海綿體 · wall_segment Palisade Wall x4 |
| 27:16 | 一枚小渣渣 · first_building Castle |
| 27:29 | wxj9966 · wall_segment Stone Wall x10 |
| 27:34 | wxj9966 · wall_segment Stone Wall x10 |
| 27:47 | 超級無敵海綿體 · wall_segment Palisade Wall x2 |
| 27:59 | 超級無敵海綿體 · wall_segment Palisade Wall x4 |
| 28:04 | 超級無敵海綿體 · wall_segment Palisade Wall x8 |
| 28:04 | wxj9966 · wall_segment Stone Wall x4 |
| 28:09 | wxj9966 · wall_segment Stone Wall x14 |
| 28:15 | 超級無敵海綿體 · wall_segment Palisade Wall x1 |
| 28:17 | 超級無敵海綿體 · wall_segment Palisade Wall x1 |
| 28:20 | wxj9966 · wall_segment Stone Wall x17 |
| 28:23 | 超級無敵海綿體 · wall_segment Palisade Wall x25 |
| 28:26 | 超級無敵海綿體 · wall_segment Palisade Wall x22 |
| 28:31 | wxj9966 · wall_segment Stone Wall x12 |
| 28:47 | priceless · first_building Castle |
| 29:04 | wxj9966 · wall_segment Stone Wall x9 |
| 29:09 | 超級無敵海綿體 · age_up imperial |
| 29:17 | wxj9966 · wall_segment Stone Wall x22 |
| 29:23 | wxj9966 · wall_segment Stone Wall x7 |
| 29:38 | 超級無敵海綿體 · wall_segment Palisade Wall x6 |
| 29:43 | 超級無敵海綿體 · wall_segment Palisade Wall x1 |
| 29:46 | 超級無敵海綿體 · wall_segment Palisade Wall x1 |
| 29:49 | 超級無敵海綿體 · wall_segment Palisade Wall x1 |
| 29:53 | 超級無敵海綿體 · wall_segment Palisade Wall x1 |
| 29:55 | 超級無敵海綿體 · wall_segment Palisade Wall x1 |
| 30:14 | wxj9966 · wall_segment Stone Wall x9 |
| 30:27 | 超級無敵海綿體 · wall_segment Palisade Wall x4 |
| 30:27 | 超級無敵海綿體 · wall_segment Palisade Wall x3 |
| 30:28 | 超級無敵海綿體 · wall_segment Palisade Wall x3 |
| 30:28 | wxj9966 · wall_segment Stone Wall x5 |
| 30:29 | 超級無敵海綿體 · wall_segment Palisade Wall x4 |
| 30:35 | 超級無敵海綿體 · wall_segment Palisade Wall x1 |
| 30:44 | 超級無敵海綿體 · wall_segment Palisade Wall x13 |
| 30:45 | 超級無敵海綿體 · wall_segment Palisade Wall x8 |
| 31:02 | 超級無敵海綿體 · first_building Barracks |
| 31:12 | wxj9966 · wall_segment Stone Wall x16 |
| 31:17 | wxj9966 · wall_segment Stone Wall x6 |
| 31:23 | wxj9966 · first_building Monastery |
| 31:41 | 超級無敵海綿體 · wall_segment Palisade Wall x9 |
| 31:52 | 超級無敵海綿體 · wall_segment Palisade Wall x8 |
| 32:16 | 超級無敵海綿體 · wall_segment Palisade Wall x1 |
| 32:17 | 超級無敵海綿體 · wall_segment Palisade Wall x1 |
| 32:20 | 超級無敵海綿體 · wall_segment Palisade Wall x1 |
| 32:34 | 一枚小渣渣 · wall_segment Stone Wall x16 |
| 32:43 | wxj9966 · wall_segment Stone Wall x3 |
| 32:45 | 超級無敵海綿體 · first_building Archery Range |
| 33:00 | wxj9966 · wall_segment Stone Wall x9 |
| 33:02 | wxj9966 · wall_segment Stone Wall x26 |
| 33:14 | 一枚小渣渣 · wall_segment Stone Wall x16 |
| 33:24 | wxj9966 · wall_segment Stone Wall x7 |
| 33:48 | priceless · age_up imperial |
| 34:12 | wxj9966 · wall_segment Stone Wall x19 |
| 35:16 | wxj9966 · wall_segment Stone Wall x7 |
| 35:24 | wxj9966 · first_building Barracks |
| 35:27 | wxj9966 · first_building Siege Workshop |
| 36:10 | yi · first_building Castle |
| 36:25 | 一枚小渣渣 · wall_segment Stone Wall x14 |
| 36:27 | wxj9966 · wall_segment Stone Wall x16 |
| 37:05 | wxj9966 · wall_segment Stone Wall x5 |
| 37:09 | wxj9966 · wall_segment Stone Wall x22 |
| 37:22 | wxj9966 · first_building Stable |
| 38:15 | wxj9966 · wall_segment Stone Wall x24 |
| 38:26 | wxj9966 · wall_segment Stone Wall x6 |
| 38:38 | wxj9966 · first_building Castle |
| 39:02 | wxj9966 · wall_segment Stone Wall x16 |
| 39:13 | wxj9966 · age_up imperial |
| 39:30 | wxj9966 · wall_segment Stone Wall x7 |
| 39:33 | yi · resign |
| 39:46 | wxj9966 · wall_segment Stone Wall x6 |
| 40:22 | wxj9966 · wall_segment Stone Wall x20 |
| 40:57 | 超級無敵海綿體 · wall_segment Palisade Wall x4 |
| 40:58 | 超級無敵海綿體 · wall_segment Palisade Wall x9 |
| 41:01 | 超級無敵海綿體 · wall_segment Palisade Wall x13 |
| 41:03 | 超級無敵海綿體 · wall_segment Palisade Wall x11 |
| 41:29 | wxj9966 · wall_segment Stone Wall x21 |
| 41:32 | 一枚小渣渣 · wall_segment Stone Wall x11 |
| 43:48 | wxj9966 · wall_segment Stone Wall x4 |
| 44:06 | wxj9966 · wall_segment Stone Wall x1 |
[ AI ANALYSIS · 1 CREDIT ]
What really happened in this match?
Wolo.gg analyzes every decision: build order, eco, micro, common mistakes by bracket. Personalized analysis on WhatsApp or Discord in 30 seconds.
Civ guide
Khmer
Map guide
Arena
Perfil
萝卜